 Dungeon Crawl Stone Soup version 0.24.0-123-gd5b16e6ec5 (webtiles) character file.

Game seed: 9989875518064083820, levelgen mode: deterministic

59 Bergy the Chopper (level 4, -11/28 HPs)
             Began as a Gargoyle Fighter on Dec 29, 2019.
             Killed by divine providence
             ... invoked by an orc priest
              (15 damage)
             ... on level 3 of the Dungeon.
             The game lasted 00:03:45 (1672 turns).

Bergy the Chopper (Gargoyle Fighter)                Turns: 1672, Time: 00:03:48

Health: -11/28     AC: 10    Str: 20    XL:     4   Next: 3%
Magic:  4/4        EV:  7    Int:  9    God:
Gold:   114        SH:  9    Dex:  9    Spells: 3/3 levels left

rFire    . . .     SeeInvis .   a - +0 war axe
rCold    . . .     Gourm    .   c - +0 shield
rNeg     + . .     Faith    .   b - +0 scale mail
rPois    ∞         Spirit   .   (no helmet)
rElec    +         Reflect  .   (no cloak)
rCorr    .         Harm     .   (no gloves)
MR       .....                  (no boots)
Stlth    ..........             (no amulet)
HPRegen  0.09/turn              (no ring)
MPRegen  0.09/turn              (no ring)

@: no status effects
A: negative energy resistance 1, electricity resistance, unbreathing,
petrification resistance, rot immunity, AC +3
a: no special abilities


You were on level 3 of the Dungeon.
You were hungry.

You visited 1 branch of the dungeon, and saw 3 of its levels.

You collected 114 gold pieces.

Inventory:

Hand Weapons
 a - a +0 war axe (weapon)
Armour
 b - a +0 scale mail (worn)
 c - a +0 shield (worn)
 k - a cursed -2 plate armour
Jewellery
 g - an uncursed ring of protection from cold {unknown}
Scrolls
 e - 2 scrolls of blinking {unknown}
 h - a scroll of magic mapping {unknown}
 i - 2 scrolls of identify {unknown}
 j - 3 scrolls of amnesia {unknown}
Potions
 d - 2 potions of might
 l - a potion of berserk rage {unknown}
 n - a potion of heal wounds {unknown}
 o - a potion of cancellation
 p - a potion of degeneration {unknown}
 q - a potion of curing {unknown}
Comestibles
 f - 6 rations
 m - 2 chunks of flesh


   Skills:
 - Level 3.2 Fighting
 * Level 3.8 Axes
 - Level 3.2 Armour
 - Level 3.2 Shields


You had 3 spell levels left.
You didn't know any spells.
Your spell library was empty.

Dungeon Overview and Level Annotations

Branches:
Dungeon (3/15)

Altars:


Innate Abilities, Weirdness & Mutations

You are resistant to torment.
Your stone body is resilient. (AC +3)
You are immune to poison.
You resist negative energy. (rN+)
You are resistant to electric shocks. (rElec)
You can survive without breathing.
You are immune to petrification.
You are immune to rotting.


Message History

The orc priest is severely wounded.
You completely miss the orc. You block the orc's attack.
The orc priest hits you but does no damage.
You barely miss the orc priest.
The orc priest is severely wounded.
You barely miss the orc. The orc hits you but does no damage.
The orc priest mumbles some strange prayers to Beogh against you.
Beogh smites you!
Ouch! That really hurt!
* * * LOW HITPOINT WARNING * * *
The orc priest shouts!
It was a potion of cancellation.
You feel magically purged. You block the orc's attack.
You closely miss the orc. You slash the orc!
You kill the orc!
Your scale mail prevents you from hitting the orc priest.
The orc priest calls down the wrath of Beogh upon you.
Beogh smites you!
Ouch! That really hurt!
You die... ....... .?...l. ..o.... ######o.. ......? #####......o. ......# #....o####... ooo....

.##.....##.#
..o...#
......o)##.#
##.?. #
......o@...#
.... .
#.######.##.# #.
#.##.# #. #.##.#
#.######.##.###
#.....##......#
#...).##......#
#..<..÷.......#
#...............


You could see 2 orc priests and an orc.

Vanquished Creatures
  An adder (D:3)
  A dart slug (D:2)
  2 worms (D:2)
  2 leopard geckos (D:1)
  2 orcs
  3 giant cockroaches
  9 goblins
  2 hobgoblins
  2 kobolds (D:1)
  A ball python (D:1)
  7 bats
  3 frilled lizards
  5 rats
40 creatures vanquished.

Notes
Turn   | Place    | Note
-------+----------+-------------------------------------------
     0 | D:1      | Bergy the Gargoyle Fighter began the quest for the Orb.
     0 | D:1      | Reached XP level 1. HP: 14/14 MP: 1/1
    14 | D:1      | Noticed an electric eel
   159 | D:1      | Reached XP level 2. HP: 19/19 MP: 2/2
   738 | D:1      | Reached XP level 3. HP: 19/23 MP: 3/3
  1632 | D:3      | Reached XP level 4. HP: 28/28 MP: 4/4
  1672 | D:3      | Killed from afar by an orc priest

Levels and vault maps discovered:
D:1:      arrival_aquarium_a, layout_basic
D:2:      layout_loops_cross, minmay_distorted
D:3:      layout_basic, overflow_temple_1_default, st_stairs_8

Skill      XL: |  1  2 |
---------------+-------+-----
Axes           | 2 3 |  3.8
Fighting       | |  3.2
Armour         | |  3.2
Shields        | |  3.2

Action                   |  1- 3 |  4- 6 || total
-------------------------+-------+-------++-------
Melee: War axe           |   131 |     5 ||   136
  Use: Potion            |       |     1 ||     1
  Eat: Chunk             |     2 |       ||     2
Armor: Scale mail        |    96 |     3 ||    99
Dodge: Dodged            |    53 |     1 ||    54
Block: Shield            |    82 |     5 ||    87
